← All builds
Suicide front / Cortex / Economy first / OBSERVED BUILD

Standard suicide front

Cortex Suicide front build order · Supreme Isthmus

The role's baseline economy-first play: fast Bot Lab, early Advanced Metal Extractor, and a Thug/Grunt/Aggravator mix pushed to hold the middle while teching up.

#raid #push · 1050 distinct matches · 184 players · 73% of Cortex Suicide front games · team won 57% of 1119 · Recently observed

HOW TO PLAY IT

Key timing: Bot Lab by 0:39

  1. Open 3 mex, then rush Bot Lab almost immediately.
  2. Finish Bot Lab and start pushing Thug, Grunt, Aggravator.
  3. Send units straight to middle to contest and stop leaks.
  4. Eat the Bot Lab for metal if 32% of games reach that point.
  5. Transition into Advanced Metal Extractor once middle is stable.

Phase by phase

TYPICAL OF ITS 1050 GAMES
  1. 1
  2. 2
  3. 3
PLAY THE OPENING

Follow the example game's first 6:00 step by step: what to build now, what comes next, and where it goes. At 1× it keeps pace with your own game.

  1. 1

    Up to the Bot Lab

    Economy
    • Metal Extractor2Mex
    Order
    1. Bot LabBot Lab after 2 mexdone ~0:37, middle half 0:27–0:45

    By 0:21 in all: 2 mex

    The example game in this phase · 1 step
    1. Bot LabBot Labdone 0:20 · typical 0:37
  2. 2

    Bot Lab to 5:00

    Economy
    • Metal Extractor3Mex
    • Wind Turbine2Wind
    Builders
    • Graverobber4 Graverobber
    • Construction Bot3 Con bot
    Army
    • Guard3 Guard
    • Thug16 Thug
    • Grunt3 Grunt
    Other
    • Radar Tower1 Radar Tower

    Some games also: aggravator (38%) · con turret (30%)

    By 5:00 in all: 5 mex · 3 wind

    The example game in this phase · 30 steps
    1. Wind
    2. GruntGrunt
    3. Wind
    4. GraverobberGraverobber
    5. Mex ×3
    6. Construction BotCon bot
    7. GruntGrunt
    8. Construction BotCon bot
    9. GruntGrunt
    10. Construction BotCon bot
    11. GruntGrunt
    12. GraverobberGraverobber
    13. ThugThug ×3
    14. GraverobberGraverobber
    15. Mex
    16. ThugThug ×4
    17. GraverobberGraverobber
    18. ThugThug
    19. Mex
    20. ThugThug ×2
    21. GruntGrunt
    22. ThugThug
    23. GruntGrunt
    24. ThugThug ×3
    25. GraverobberGraverobber
    26. ThugThug
    27. GuardGuard
    28. ThugThug
    29. GruntGrunt ×2
    30. ThugThug ×5
  3. 3

    5:00 to 10:00

    Economy
    • Metal Extractor1Mex
    • Wind Turbine12Wind
    Builders
    • Construction Turret1 Con turret
    • Graverobber3 Graverobber
    • Construction Bot1 Con bot
    Army
    • Guard1 Guard
    • Thug11 Thug
    • Grunt1 Grunt

    Some games also: aggravator (42%) · Radar Tower (39%) · energy storage (37%) · Twin Guard (31%)

    By 10:00 in all: 6 mex · 16 wind · 2 con turret

    The example game in this phase · 141 steps
    1. ThugThug
    2. Mex
    3. ThugThug ×2
    4. Mex
    5. ThugThug
    6. Mex
    7. Con turret
    8. GuardGuard ×2
    9. ThugThug
    10. GruntGrunt
    11. GuardGuard
    12. GraverobberGraverobber
    13. Wind ×2
    14. GraverobberGraverobber
    15. Wind
    16. GraverobberGraverobber
    17. Mex
    18. Converter
    19. GruntGrunt
    20. Wind ×2
    21. GraverobberGraverobber
    22. GuardGuard
    23. Wind
    24. GruntGrunt
    25. Energy storage
    26. GuardGuard
    27. Mex
    28. GraverobberGraverobber
    29. AggravatorAggravator
    30. Converter
    31. Wind
    32. GuardGuard
    33. Wind
    34. GraverobberGraverobber
    35. Wind
    36. AgitatorAgitatorfor Frontdone 8:53
    37. GraverobberGraverobber
    38. Wind
    39. Converter
    40. Wind
    41. GruntGrunt
    42. Wind
    43. GraverobberGraverobber
    44. Wind
    45. Mex
    46. Wind
    47. GruntGrunt
    48. Converter
    49. ThugThug
    50. GraverobberGraverobber
    51. Con turret
    52. Wind
    53. Dragon's TeethDragon's Teeth ×2
    54. Wind
    55. Dragon's TeethDragon's Teeth
    56. GraverobberGraverobber
    57. Dragon's TeethDragon's Teeth ×2
    58. Wind
    59. Dragon's TeethDragon's Teeth ×4
    60. GruntGrunt
    61. Dragon's TeethDragon's Teeth
    62. Converter
    63. GruntGrunt
    64. GuardGuard
    65. GruntGrunt
    66. GraverobberGraverobber
    67. GuardGuard
    68. Mex
    69. GruntGrunt
    70. Wind
    71. GruntGrunt
    72. Mex ×2
    73. GuardGuard
    74. GruntGrunt
    75. Wind
    76. GruntGrunt
    77. Wind ×3
    78. GruntGrunt
    79. Wind ×2
    80. Mex
    81. GruntGrunt
    82. Converter ×2
    83. Construction BotCon bot
    84. Wind ×6
    85. GruntGrunt
    86. Wind
    87. Converter
    88. Con turret
    89. GruntGrunt
    90. Converter
    91. GruntGrunt
    92. Wind ×2
    93. GruntGrunt
    94. Mexfor Front
    95. Wind
    96. Construction BotCon bot
    97. Wind
    98. Con turret
    99. Wind
    100. GruntGrunt
    101. Wind ×2
    102. Converter
    103. GruntGrunt
    104. Converter
    105. GruntGrunt
    106. Wind
    107. Mex
    108. GruntGrunt
    109. Wind
    110. GruntGrunt
    111. GuardGuard
    112. Wind ×2
    113. Construction BotCon bot
    114. GruntGrunt
    115. Wind
    116. GruntGrunt
    117. Wind
    118. GruntGrunt
    119. GuardGuard
    120. Wind
    121. GruntGrunt
    122. Converter
    123. GruntGrunt
    124. Wind
    125. GruntGrunt
    126. Wind
    127. Construction BotCon bot
    128. GruntGrunt
    129. Converter
    130. Wind
    131. Construction BotCon bot
    132. GuardGuard
    133. Wind ×2
    134. Construction BotCon bot
    135. Converter
    136. Wind
    137. GruntGrunt
    138. Wind
    139. Construction BotCon bot
    140. GruntGrunt
    141. Wind

Counts are medians over the build's games: half of them build more, half fewer. The example game is Vaticineur's (34 OS, 11/10/2026); pick another.

Team trades

IN AT LEAST 30% OF ITS GAMES

You hand over

Nothing regular.

You get

  • Tidal Generator4 Tidal from Pondfirst at 0:11 · in 69% of games
  • Advanced Construction Bot1 T2 con bot from Geo or Techfirst at 7:45 · in 55% of games

How it plays out

Typical game of this build, running totals by minute

Metal produced

010k20k
0:005:0010:0015:00

metal

Enemy metal destroyed

05k10k
0:005:0010:0015:00

metal

Own metal lost

05k10k
0:005:0010:0015:00

metal

1119 games.

Show as table
ByMetal produced: This buildEnemy metal destroyed: This buildOwn metal lost: This build
1:0033000
2:0094400
3:002036216172
4:003125732630
5:00427815401402
6:00546125052338
7:00663636153317
8:00782645594355
9:00894052905260
10:001020559976154
11:001156865526943
12:001314070167723
13:001475277528382
14:001638483308916
15:001778589619568
WHAT THE NUMBERS SAY

This baseline wins more often than most other roles' standard builds, with early aggression showing in high kills and losses alike.

  • + Team wins 54% of games, best winrate among the roles shown.
  • + First kill lands very early at 2:07 in all games.
  • − Own metal lost is heavy early, 1439 by 5:00.
  • − Enemy destroyed stays close to own losses through 15:00, a costly front.
THE EXAMPLE YOU ARE READING

Vaticineur

33.7 OS · 11/10/2026

Open source match ↗

4 received units
489 metal received · 23730 energy received

Allied construction assistance is unknown. Timings are observations, not a promise of solo reproducibility.

Typical milestones

Bot Lab0:37Middle 50%: 0:27–0:45 · n=1113
Advanced Metal Extractor9:59Middle 50%: 8:59–11:14 · n=699

Played most by

XXMACGAMERXX135games of this build_Hawkey_70games of this build_X_61games of this buildrealisticjo52games of this buildAbyssFalcon46games of this build

Supporting games

Pick a game to read and play it above.

JustSomeGuy14/10/2026 · 43 OS↗_Hawkey_14/10/2026 · 65 OS↗Ling_long14/10/2026 · 41 OS↗XXMACGAMERXX14/10/2026 · 41 OS↗XXMACGAMERXX14/10/2026 · 42 OS↗_Hawkey_14/10/2026 · 65 OS↗XXMACGAMERXX14/10/2026 · 42 OS↗XXMACGAMERXX14/10/2026 · 42 OS↗Vaticineur11/10/2026 · 34 OS↗
32 more of 1111, the most recent_Hawkey_14/10/2026 · 65 OS↗XXMACGAMERXX14/10/2026 · 42 OS↗Private_Gator13/10/2026 · 30 OS↗hox213/10/2026 · 32 OS↗hox213/10/2026 · 32 OS↗Thors_Hammer13/10/2026 · 31 OS↗AinzIsHere13/10/2026 · 39 OS↗AinzIsHere13/10/2026 · 39 OS↗_Hawkey_13/10/2026 · 65 OS↗I_pawngame_u13/10/2026 · 37 OS↗Lexosis13/10/2026 · 37 OS↗AinzIsHere13/10/2026 · 42 OS↗_Hawkey_13/10/2026 · 65 OS↗Rexalidus13/10/2026 · 35 OS↗Rexalidus13/10/2026 · 35 OS↗XXMACGAMERXX13/10/2026 · 40 OS↗XXMACGAMERXX13/10/2026 · 40 OS↗gmansawesome13/10/2026 · 33 OS↗[Cookie]CottonBuds13/10/2026 · 30 OS↗Fullchord13/10/2026 · 33 OS↗Vaticineur13/10/2026 · 32 OS↗DontStreamSnipeMeBro13/10/2026 · 30 OS↗FrontLiner69er12/10/2026 · 33 OS↗Sevendcell12/10/2026 · 30 OS↗ITz_SkySovereign12/10/2026 · 35 OS↗Sevendcell12/10/2026 · 30 OS↗Sevendcell12/10/2026 · 30 OS↗Hunfore12/10/2026 · 33 OS↗_Hawkey_12/10/2026 · 65 OS↗XXMACGAMERXX12/10/2026 · 40 OS↗XXMACGAMERXX12/10/2026 · 40 OS↗XXMACGAMERXX12/10/2026 · 40 OS↗
Supreme Isthmus v2.1
Beyond All Reason test-31578-8247b61
Naval balance tweaks on